 Seeded DCSS version 0.29.1-15-g9cfb28693d (webtiles) character file.

Game seed: 10165163451824931987 (custom seed)

7 Psyclone the Stinger (level 1, 10/10 HPs)
             Began as a Deep Elf Venom Mage on Sept 28, 2023.
             Quit the game on level 1 of the Dungeon.
             The game lasted 00:01:17 (179 turns).

Psyclone the Stinger (Deep Elf Venom Mage)           Turns: 179, Time: 00:01:17

Health: 10/10      AC:  2    Str:  5    XL:     1   Next: 91%
Magic:  6/6        EV: 12    Int: 19    God:
Gold:   24         SH:  0    Dex: 15    Spells: 5/6 levels left

rFire   . . .      SeeInvis .   d - +0 dagger
rCold   . . .      Faith    .   (no shield)
rNeg    . . .      Spirit   .   a - +0 robe
rPois   .          Reflect  .   (no helmet)
rElec   .          Harm     .   (no cloak)
rCorr   .          Rampage  .   (no gloves)
Will    .....                   (no boots)
Stlth   ++........              (no amulet)
HPRegen 0.03/turn               (no ring)
MPRegen 0.10/turn               (no ring)

@: no status effects
A: no striking features
a: no special abilities


You were on level 1 of the Dungeon.
You visited 1 branch of the dungeon, and saw 1 of its levels.

You collected 24 gold pieces.

Inventory:

Hand Weapons
 d - a +0 dagger (weapon)
Armour
 a - a +0 robe (worn)
Jewellery
 c - an amulet of regeneration
Scrolls
 e - a scroll of teleportation {unknown}
 f - a scroll of vulnerability {unknown}
Potions
 b - a potion of magic


   Skills:
 + Level 2.6 Dodging
 + Level 2.6 Stealth
 + Level 3.1 Spellcasting
 + Level 1.3 Transmutations
 + Level 3.4 Poison Magic


You had 5 spell levels left.
You knew the following spells:

 Your Spells              Type           Power      Damage    Failure   Level
a - Sting                 Tmut/Pois      48%        1d5       5%          1

Your spell library contained the following spells:

 Spells                   Type           Power      Damage    Failure   Level
 Poisonous Vapours        Pois/Air       18%        N/A       11%         2
 Blink                    Tloc           6%         N/A       22%         2
 Mephitic Cloud           Conj/Pois/Air  7%         N/A       28%         3
 Olgreb's Toxic Radiance  Pois           16%        N/A       36%         4
 Manifold Assault         Tloc           3%         N/A       99%         5
 Storm Form               Tmut/Air       2%         N/A       100%        7


Dungeon Overview and Level Annotations

Branches:
Dungeon (1/15) Zot: 5821

Altars:


Message History

You hit the goblin.
The goblin is severely wounded.
The goblin hits you with a +0 club.
You take 1 damage, and have 9/10 hp.
You hit the goblin.
You kill the goblin!
An endoplasm comes into view.
Things that are here:
a +0 club; a goblin corpse
Casting: Sting (safe; 6% risk of failure)
Confirm with . or Enter, or press ? or * to list all spells.
Aiming: Sting (safe; 6% risk of failure)
Press: ? - help, Shift-Dir - straight line, f - endoplasm
Aim: an endoplasm (98% to hit)
The sting hits the endoplasm.
The endoplasm partially resists.
The endoplasm is lightly wounded.
You now have 1/6 mp.
You hit the endoplasm.
The endoplasm is severely wounded.
The endoplasm hits you.
You take 1 damage, and have 8/10 hp.
You hit the endoplasm.
You kill the endoplasm!
You start resting.
Magic restored.
MP restored: 6 HP restored.
e - a scroll labelled CIBREI BUNOZI Health restored: 10
f - a scroll labelled ETAOBUA WOAC You now have 18 gold pieces (gained 7).
g - a scroll labelled ATESHU SIHAA
Okay, then.
Unknown command.
You now have 24 gold pieces (gained 6).
This is a scroll of acquirement!
You see here an Inescapable Atlas.
Something appears at your feet!
You pick up an Inescapable Atlas and begin reading...
You add the spells Blink, Manifold Assault and Storm Form to your library.
Are you sure you want to abandon this character and quit the game? (Confirm with "yes".)

#..(..##..#........#...
####.†.....#........'...
#...........#........#...
##.....###.##........####
#..##...##†##........#
#.........#.##........#
##..#.##......)'........#
...#.###......#........#
.#.. ##.@)############
...## ##.##.....#
###.#.####.##....##
#....# #........##
#.#.#..###.#.##...#####
#............##.......#
##.......#.####...###.#
.>.........#.# #...#
..##........#.# #...#


There were no monsters in sight!

Vanquished Creatures
  2 endoplasms (D:1)
  2 goblins (D:1)
  A hobgoblin (D:1)
  A bat (D:1)
6 creatures vanquished.

Notes
Turn   | Place    | Note
-------+----------+-------------------------------------------
     0 | D:1      | Psyclone the Deep Elf Venom Mage began the quest for the
                  | Orb.
     0 | D:1      | Reached XP level 1. HP: 10/10 MP: 6/6
   167 | D:1      | Identified a scroll of acquirement
   167 | D:1      | Acquired an Inescapable Atlas
   179 | D:1      | Quit the game

Illustrated notes

Levels and vault maps discovered:
D:1:      evilmike_arrival_fibonacci_small, layout_loops_ring, serial_shops,
          nicolae_shop_behind_doors, ebering_dispersal_statue_hall

Action                   || total
-------------------------++-------
Melee: Dagger            ||     5
       Unarmed           ||     1
 Cast: Sting             ||     9
  Use: Scroll            ||     1
Armor: Robe              ||     1
Dodge: Dodged            ||     4
